 Dungeon Crawl Stone Soup version 0.27-a0-1555-g0e7b3fb1d2 (webtiles) character file.

Game seed: 12620263287885730774

49 Ijustatesigmund the Skirmisher (level 3, -2/26 HPs)
             Began as an Octopode Fighter on July 15, 2021.
             Slain by a jackal (3 damage)
             ... on level 2 of the Dungeon.
             The game lasted 00:01:04 (1223 turns).

Ijustatesigmund the Skirmisher (Octopode Fighter)   Turns: 1223, Time: 00:01:05

Health: -2/26      AC:  1    Str: 15    XL:     3   Next: 75%
Magic:  3/3        EV: 11    Int: 10    God:
Gold:   27         SH:  8    Dex: 12    Spells: 2/2 levels left

rFire    . . .     SeeInvis .   a - +0 flail
rCold    . . .     Faith    .   b - +0 kite shield
rNeg     . . .     Spirit   .   (helmet restricted)
rPois    .         Reflect  .   (no amulet)
rElec    .         Harm     .   f - ring of wizardry
rCorr    .         Rampage  .   (no ring)
Will     .....                  (no ring)
Stlth    ++........             (no ring)
HPRegen  0.08/turn              (no ring)
MPRegen  0.08/turn              (no ring)
                                (no ring)
                                (no ring)

@: no status effects
A: almost no armour, amphibious, 8 rings, camouflage 1, gelatinous body 1,
(nimble swimmer 1), tentacles
a: no special abilities


You were on level 2 of the Dungeon.
You visited 1 branch of the dungeon, and saw 2 of its levels.

You collected 27 gold pieces.

Inventory:

Hand Weapons
 a - a +0 flail (weapon)
Armour
 b - a +0 kite shield (worn)
Jewellery
 f - a ring of wizardry (left tentacle)
Scrolls
 g - 3 scrolls of amnesia {unknown}
Potions
 c - a potion of might
 d - a potion of heal wounds {unknown}
 e - a potion of curing {unknown}


   Skills:
 + Level 3.5 Fighting
 * Level 3.4 Maces & Flails
 - Level 3.0 Dodging
 - Level 3.0 Shields


You had 2 spell levels left.
You didn't know any spells.
Your spell library was empty.

Dungeon Overview and Level Annotations

Branches:
Dungeon (2/15)

Altars:
Nemelex Xobeh


Innate Abilities, Weirdness & Mutations

You cannot wear most types of armour.
You are amphibious.
You can wear up to eight rings at the same time.
Your skin changes colour to match your surroundings (Stealth+).
Your rubbery body absorbs attacks. (AC +1, EV +1)
((You are camouflaged near water. (Stealth+)))
You have tentacles for arms and can constrict up to eight enemies at once.


Message History

You are too injured to fight recklessly!
You are too injured to fight recklessly!
You are too injured to fight recklessly!
You are too injured to fight recklessly!
You are too injured to fight recklessly!
You are too injured to fight recklessly!
You are too injured to fight recklessly!
You are too injured to fight recklessly!
You are too injured to fight recklessly!
You are too injured to fight recklessly!
You are too injured to fight recklessly!
You are too injured to fight recklessly!
You are too injured to fight recklessly!
You closely miss the ball python. Your grab misses the ball python.
Your squeeze misses the ball python. The ball python bites you.
The ball python constricts you. You block the ball python's attack.
* * * LOW HITPOINT WARNING * * *
The ball python constricts you.
You hit the ball python but do no damage.
You grab the ball python. You constrict the ball python.
You kill the ball python!
The jackal bites you.
* * * LOW HITPOINT WARNING * * *
You miss the jackal. Your grab misses the jackal. The jackal bites you.
* * * LOW HITPOINT WARNING * * *
The jackal bites you but does no damage.
You miss the jackal. Your grab misses the jackal.
The jackal barely misses you. x2
You closely miss the jackal. You grab the jackal. You constrict the jackal.
You block the jackal's attack. The jackal closely misses you.
You sock the jackal!
You kill the jackal!
The jackal bites you.
* * * LOW HITPOINT WARNING * * *
You closely miss the jackal. You grab the jackal.
You squeeze the jackal, but do no damage.
You constrict the jackal, but do no damage.
You block the jackal's attack. x2
You hit the jackal but do no damage. You constrict the jackal.
You block the jackal's attack. The jackal bites you.
You die...

.#######.###.## ).......##
##.# ..######.###..# #
##.#.#.#############
...########)................
##............#.############.
# ...###..###.##.# #. .#.#.
###$.###.##.# #.
.....#.....##@##.# ##
#..#..$...#h##.# #
#....._....h##>#
##.#....$#####.# ...#....h..#
### #†......# ..........#
#...........# ............##


You could see 2 jackals.

Vanquished Creatures
  A dart slug (D:1)
  6 bats (D:1)
  An endoplasm (D:1)
  3 giant cockroaches (D:1)
  6 goblins
  4 hobgoblins
  4 jackals
  4 kobolds (D:1)
  3 quokkas (D:1)
  4 ball pythons
  A frilled lizard (D:1)
  3 rats
40 creatures vanquished.

Notes
Turn   | Place    | Note
-------+----------+-------------------------------------------
     0 | D:1      | Ijustatesigmund the Octopode Fighter began the quest for
                  | the Orb.
     0 | D:1      | Reached XP level 1. HP: 16/16 MP: 1/1
   196 | D:1      | Reached XP level 2. HP: 21/21 MP: 2/2
   550 | D:1      | Reached XP level 3. HP: 26/26 MP: 3/3
   902 | D:1      | Found a faded altar of an unknown god.
  1194 | D:2      | Found a sparkling altar of Nemelex Xobeh.
  1221 | D:2      | HP: 1/26 [jackal (2)]
  1223 | D:2      | Slain by a jackal

Illustrated notes

Levels and vault maps discovered:
D:1:      eino_arrival_cavern_a, layout_basic, ebering_ecumenical_altar_hall,
          minmay_misc_feat_alley, minmay_tetromino_s4
D:2:      layout_loops_ring, basic_altar, minmay_puff

Skill      XL: |  1  2 |
---------------+-------+-----
Maces & Flails | 3 |  3.4
Fighting       | |  3.5
Dodging        | |  3.0
Shields        | |  3.0

Action                   || total
-------------------------++-------
Melee: Flail             ||    74
       Constrict         ||    21
       Tentacles         ||    10
 Stab: Sleeping          ||     7
Armor: Skin              ||     9
Dodge: Dodged            ||    37
Block: Kite shield       ||    31

Table legend: (Time is in decaauts)
 A = Elapsed time spent in this place.
 B = Non-inter-level travel time spent in this place.
 C = Inter-level travel time spent in this place.
 D = Time resting spent in this place.
 E = Time spent auto-exploring this place.
 F = Levels seen in this place.
 G = Mean time per level.
                   A        B        C        D        E       F      G
               +--------+--------+--------+--------+--------+-----+--------+
         Total |   1258 |   1240 |     18 |      0 |   1008 |   2 |  629.0 |
       Dungeon |   1258 |   1240 |     18 |      0 |   1008 |   2 |  629.0 |
               +--------+--------+--------+--------+--------+-----+--------+

Top non-repeatable levels by time:
     D:1: 1180 daAuts
     D:2: 78 daAuts
